Map: Ley Lines

Players

WeAreLegion

  • Race: Terran Terran
  • League: Silver
  • Spawn Location: 1:00

A.I. 1 (Elite) - Winner!

  • Race: Terran Terran
  • Spawn Location: 7:00

VOD

Have the link to the VOD?

Description

Time

  • Played on: Dec. 3, 2024, 9:23 p.m.
  • Length: 18:14
Show
View Real Time Build Order
Export as new Build Order

WeAreLegion Terran 

Build Orders: Reaper Expand 

Get SALT Encoding   

  12  0:00  SCV  
  13  0:12  SCV  
  14  0:18  Supply Depot  
  14  0:29  SCV  
  15  0:41  SCV  
  15  0:42  Barracks  
  16  0:47  Refinery  
  16  0:53  SCV  
  17  1:05  SCV  
  18  1:17  SCV  
  19  1:30  Orbital Command  
  19  1:34  Reaper  
  20  1:43  Command Center  
  20  1:53  Supply Depot  
  20  1:55  SCV  
  21  2:07  SCV  
  21  2:10  Marine  
  22  2:16  Factory  
  22  2:19  SCV  
  23  2:28  Refinery  
  23  2:29  Marine  
  24  2:32  SCV  
  25  2:44  SCV  
  26  2:55  Supply Depot  
  26  2:56  SCV  
  26  2:57  SCV  
  28  2:59  Barracks Reactor  
  28  3:04  Starport  
  28  3:08  SCV  
  29  3:15  Orbital Command  
  29  3:20  SCV  
  29  3:23  Widow Mine  
  32  3:39  Marine  
  32  3:40  Marine  
  34  3:42  Medivac  
  34  3:44  Widow Mine  
  34  3:46  SCV x2  
  40  3:57  Supply Depot  
  40  3:58  SCV x2  
  42  4:03  Marine x2  
  44  4:10  SCV x2, Factory Tech Lab  
  46  4:20  Marine  
  46  4:21  Marine  
  46  4:22  SCV x2  
  46  4:24  Starport Tech Lab  
  50  4:34  SCV x2, Siege Tank  
  55  4:38  Marine x2  
  55  4:44  Barracks x2  
  57  4:46  SCV  
  57  4:47  Engineering Bay  
  57  4:50  Supply Depot  
  58  4:53  Supply Depot  
  58  4:56  SCV, Marine  
  58  4:58  SCV  
  61  5:01  Refinery  
  61  5:03  Refinery  
  61  5:06  Marine  
  62  5:11  Raven, SCV x2, Siege Tank  
  69  5:14  Marine  
  70  5:23  SCV  
  70  5:24  Supply Depot  
  70  5:25  SCV  
  70  5:26  Supply Depot  
  72  5:29  Marine  
  72  5:32  Marine  
  74  5:35  SCV  
  74  5:37  SCV  
  76  5:46  Siege Tank  
  71  6:04  Supply Depot  
  71  6:05  Supply Depot  
  71  6:18  Marine x2  
  74  6:20  Barracks Tech Lab  
  74  6:22  Barracks Tech Lab  
  73  6:27  Raven  
  73  6:31  Supply Depot  
  75  6:34  Supply Depot  
  75  6:35  Siege Tank, Marine x2  
  77  6:53  Marine x2  
  78  6:55  Supply Depot  
  78  6:58  Supply Depot  
  78  7:01  Raven  
  78  7:07  Siege Tank  
  83  7:11  Marine x3  
  86  7:18  Terran Infantry Weapons Level 1  
  86  7:28  Marine  
  86  7:29  Stimpack  
  87  7:30  Command Center  
  87  7:35  Medivac  
  90  7:44  Widow Mine  
  90  7:47  Marauder  
  92  7:54  Supply Depot  
  92  7:55  Marine x2  
  92  7:56  Supply Depot  
  94  8:04  Barracks  
  94  8:05  Barracks, Widow Mine, Medivac  
  96  8:08  Marauder  
  100  8:13  Marine x2  
  100  8:17  Supply Depot  
  100  8:19  Supply Depot  
  104  8:27  Widow Mine  
  104  8:29  Marauder  
  104  8:31  Marine x2  
  108  8:35  Medivac  
  110  8:45  Combat Shield  
  112  8:48  Marine, Widow Mine  
  112  8:49  Marine  
  112  8:51  Marauder  
  112  8:53  Armory  
  112  8:54  Armory  
  116  8:57  Engineering Bay  
  116  9:05  Liberator  
  116  9:06  Marine x2  
  116  9:08  SCV x2  
  123  9:12  Terran Infantry Armor Level 1, Marauder  
  125  9:20  SCV x2  
  127  9:24  Marine x2  
  127  9:28  Siege Tank  
  132  9:32  SCV x2  
  132  9:34  Marauder, Barracks Reactor x2  
  136  9:42  Marine x2  
  136  9:44  SCV x2  
  140  9:48  Liberator  
  143  9:55  Marauder  
  134  10:00  Siege Tank, Marine  
  109  10:16  Marauder  
  111  10:31  Liberator  
  111  10:35  Refinery  
  114  10:42  SCV x2, Refinery  
  116  10:54  SCV x2  
  116  10:56  Orbital Command  
  118  10:59  Marine x2  
  118  11:00  Marine  
  118  11:01  Siege Tank  
  122  11:06  SCV x2  
  124  11:13  Liberator  
  124  11:17  Marine  
  124  11:18  SCV, Marauder  
  130  11:19  SCV  
  132  11:31  SCV x2  
  134  11:33  Siege Tank  
  134  11:36  Marine  
  134  11:37  Marine  
  134  11:39  Marauder  
  141  11:40  Marine x4  
  141  11:43  SCV x2  
  147  11:54  Marine x2  
  147  11:55  Ghost Academy  
  147  11:56  Liberator  
  147  11:57  Terran Vehicle Weapons Level 1  
  147  11:58  Terran Vehicle And Ship Armor Level 1, Marine x2  
  147  12:01  Marauder  
  156  12:05  Siege Tank  
  155  12:12  Marine x2  
  155  12:22  Marauder  
  144  12:37  Siege Tank  
  144  12:39  Medivac  
  144  12:43  Marauder  
  151  13:05  Marauder  
  153  13:09  Medivac  
  155  13:34  Marine  
  155  13:35  Marine x6  
  155  13:37  Command Center  
  155  13:38  Siege Tank  
  155  13:39  Medivac  
  167  13:42  Command Center  
  167  13:47  Factory  
  167  13:53  Starport  
  167  13:54  Marauder  
  156  14:09  Medivac  
  141  14:10  Siege Tank  
  141  14:12  Marine x6  
  141  14:15  Marauder  
  152  14:19  Personal Cloaking  
  152  14:36  Marauder  
  153  14:39  Medivac  
  153  14:42  Siege Tank  
  158  14:50  Marine x2  
  160  14:56  Ghost  
  160  14:58  Marauder  
  165  15:09  Medivac  
  166  15:14  Siege Tank  
  166  15:19  Marauder  
  171  15:24  Ghost  
  174  15:39  Medivac  
  174  15:40  Marauder  
  134  15:53  Marauder  
  130  16:02  Marauder  
  122  16:10  Command Center  
  115  16:15  Planetary Fortress, Marauder  
  115  16:22  Ghost  
  115  16:25  SCV x2  
  119  16:27  Marine x3  
  119  16:28  Marine  
  119  16:30  Siege Tank  
  125  16:33  Command Center  
  125  16:36  Marauder  
  125  16:37  SCV x2  
  122  16:49  SCV  
  122  16:50  SCV  
  122  16:52  Marauder  
  125  16:58  Marauder  
  127  17:02  Siege Tank  
  130  17:13  Marauder  
  132  17:19  Marauder  
  134  17:27  Orbital Command  
  134  17:34  Siege Tank  
  134  17:35  Marauder  
Show
View Real Time Build Order
Export as new Build Order

A.I. 1 (Elite) Terran - Winner!

Build Orders:  

Get SALT Encoding   

  12  0:00  SCV  
  13  0:13  SCV  
  14  0:18  Supply Depot  
  14  0:25  SCV  
  15  0:40  SCV  
  16  0:43  Barracks  
  16  0:52  SCV  
  17  1:04  SCV  
  18  1:16  SCV  
  18  1:17  Supply Depot  
  19  1:21  Refinery  
  19  1:28  SCV  
  19  1:30  Marine  
  21  1:40  SCV  
  22  1:48  Marine  
  22  1:50  Barracks  
  22  1:52  SCV  
  24  1:54  Refinery  
  24  2:03  Supply Depot  
  24  2:04  Orbital Command  
  24  2:06  Marine  
  25  2:24  Marine  
  25  2:29  SCV  
  27  2:37  Marine  
  27  2:42  SCV  
  29  2:46  Command Center  
  29  3:02  SCV, Factory  
  29  3:05  Marine  
  31  3:07  Marine  
  32  3:14  SCV  
  33  3:22  Marine  
  33  3:25  Marine  
  33  3:26  SCV  
  36  3:38  SCV  
  37  3:45  Factory Tech Lab  
  37  3:50  SCV  
  38  3:57  Marine x2  
  38  3:58  SCV  
  38  4:02  SCV, Starport  
  42  4:04  Supply Depot  
  42  4:10  SCV  
  42  4:14  SCV  
  42  4:15  Marine x2  
  46  4:19  Siege Tank  
  46  4:22  SCV  
  50  4:27  SCV  
  50  4:30  Supply Depot  
  51  4:33  Marine x2  
  51  4:34  SCV  
  54  4:39  SCV  
  54  4:41  Starport Tech Lab  
  55  4:46  Supply Depot, SCV  
  55  4:51  SCV  
  57  4:55  Siege Tank  
  57  4:58  SCV  
  61  5:01  Banshee  
  61  5:03  SCV  
  61  5:06  Barracks Tech Lab  
  65  5:11  Orbital Command  
  65  5:26  Stimpack  
  65  5:27  Marauder  
  65  5:28  Engineering Bay  
  67  5:34  Command Center  
  67  5:49  Marauder  
  67  5:55  Terran Infantry Armor Level 1  
  67  5:58  Engineering Bay  
  67  6:02  Barracks Tech Lab  
  67  6:06  Siege Tank  
  67  6:10  Marauder  
  72  6:13  Supply Depot  
  72  6:19  Combat Shield  
  72  6:20  Marauder  
  72  6:23  Terran Infantry Weapons Level 1  
  74  6:31  Marauder  
  76  6:36  Supply Depot  
  76  6:41  Siege Tank  
  76  6:42  Marauder  
  76  6:46  SCV x2  
  83  6:47  SCV  
  83  6:52  Marine  
  82  6:55  Refinery  
  82  7:03  Refinery, Marauder  
  84  7:11  Marauder  
  84  7:12  Concussive Shells  
  86  7:17  Barracks  
  86  7:19  Missile Turret  
  86  7:21  Command Center  
  86  7:24  Marauder  
  86  7:25  Missile Turret  
  86  7:28  SCV  
  89  7:30  SCV  
  89  7:32  SCV  
  89  7:35  Marauder  
  93  7:37  Medivac  
  95  7:46  Supply Depot  
  95  7:48  Marauder  
  97  7:57  Marauder  
  97  7:58  Siege Tank  
  102  8:03  Barracks Reactor  
  102  8:06  Barracks  
  102  8:07  Medivac  
  102  8:10  Supply Depot  
  104  8:26  Armory  
  104  8:30  Widow Mine  
  104  8:33  SCV  
  107  8:35  SCV  
  107  8:37  SCV  
  107  8:40  SCV  
  110  8:45  SCV  
  110  8:47  SCV  
  112  8:49  SCV  
  112  8:51  Siege Tank  
  112  8:52  SCV  
  117  8:56  Liberator  
  117  8:58  SCV  
  117  8:59  SCV  
  122  9:03  Supply Depot, SCV  
  122  9:04  SCV  
  124  9:10  SCV  
  124  9:12  SCV  
  124  9:14  Terran Infantry Weapons Level 2  
  124  9:15  SCV  
  124  9:16  SCV  
  128  9:22  SCV  
  128  9:24  SCV, Widow Mine  
  131  9:26  Supply Depot  
  131  9:27  SCV  
  133  9:39  Liberator  
  133  9:42  Refinery  
  136  9:46  Terran Vehicle Weapons Level 1  
  136  9:53  Supply Depot  
  136  9:58  Marine  
  136  9:59  Marine x2  
  123  10:00  Marine  
  123  10:02  Marine  
  102  10:16  Marine, Command Center  
  102  10:20  Marine, Refinery  
  104  10:21  Liberator  
  104  10:22  Marine  
  104  10:24  Marine  
  104  10:25  Marine  
  110  10:30  SCV  
  110  10:34  Marine  
  112  10:38  Marine  
  112  10:39  Siege Tank  
  112  10:42  Marauder  
  118  10:43  Missile Turret, Marauder  
  118  10:45  SCV x2  
  122  10:54  Marine  
  122  10:55  Marine  
  122  10:56  Marine  
  125  10:58  Missile Turret  
  125  11:00  Supply Depot  
  125  11:02  Armory  
  125  11:03  Marauder  
  127  11:04  Marine  
  127  11:05  Raven  
  127  11:08  Factory  
  130  11:12  Hi-Sec Auto Tracking, Widow Mine  
  131  11:23  Marauder  
  131  11:25  Supply Depot, Marauder  
  135  11:28  Missile Turret  
  135  11:33  Widow Mine  
  135  11:39  Raven  
  139  11:40  Orbital Command, Terran Vehicle And Ship Armor Level 1  
  139  11:43  Terran Infantry Weapons Level 3  
  139  11:44  Marauder  
  139  11:46  Marauder  
  143  11:47  Command Center  
  143  11:51  Factory Tech Lab  
  143  11:59  Terran Vehicle Weapons Level 2  
  143  12:03  Missile Turret  
  143  12:05  Marauder  
  145  12:11  Planetary Fortress, Starport, Marauder  
  145  12:13  Medivac  
  149  12:16  Marine  
  149  12:17  Marine  
  149  12:18  Marine  
  149  12:27  Marauder  
  138  12:32  Marine  
  138  12:34  Marine  
  138  12:35  Siege Tank, Marine  
  138  12:36  Marine  
  130  12:42  Siege Tank  
  130  12:43  Liberator  
  133  12:47  Medivac  
  133  12:48  Marine  
  133  12:49  Marine  
  137  12:52  Marine  
  137  12:53  Marine  
  137  12:55  Marine  
  140  13:00  SCV x3  
  140  13:01  SCV  
  144  13:05  Marine  
  144  13:07  Siege Tank  
  144  13:08  Marauder  
  144  13:10  Marine  
  144  13:11  Marine  
  152  13:13  Refinery  
  152  13:14  Marine  
  152  13:16  Planetary Fortress  
  152  13:17  Liberator  
  152  13:18  Missile Turret  
  156  13:24  Marauder  
  156  13:25  Liberator  
  161  13:27  Marine  
  161  13:29  Marine, Missile Turret  
  161  13:30  Marine  
  161  13:34  Supply Depot  
  164  13:41  Refinery  
  164  13:46  Marauder  
  166  13:49  Missile Turret, Marauder  
  168  13:56  Missile Turret  
  168  13:58  Neosteel Armor  
  168  14:00  Liberator  
  171  14:05  Marine  
  171  14:07  Missile Turret, Command Center  
  171  14:08  Liberator, Marauder  
  177  14:12  Barracks Tech Lab, Barracks  
  177  14:14  Marauder  
  179  14:20  Terran Vehicle Weapons Level 3  
  179  14:25  Terran Infantry Armor Level 2  
  179  14:27  Marine  
  179  14:28  Marine  
  179  14:29  Marine  
  182  14:33  Ghost Academy  
  182  14:36  Marauder  
  186  14:38  Marauder  
  186  14:43  Starport Reactor  
  186  14:46  Marine x2  
  186  14:47  Marauder  
  186  14:51  Liberator  
  193  14:56  Marine  
  193  14:58  Missile Turret  
  194  15:05  Ghost  
  197  15:19  Liberator  
  200  15:27  Planetary Fortress, Refinery  
  200  15:28  Command Center  
  200  15:31  Missile Turret, Medivac  
  200  15:34  Liberator, Missile Turret  
  196  15:36  Missile Turret  
  196  15:37  Refinery, Ghost  
  196  15:38  Marine x4  
  196  15:39  Marine  
  196  15:42  Siege Tank  
  147  15:55  Marine  
  147  15:56  Marine x2  
  140  15:57  Marauder x2  
  140  16:01  Liberator  
  140  16:02  Liberator  
  140  16:06  Marine  
  140  16:07  SCV  
  140  16:09  SCV x2  
  138  16:11  SCV  
  138  16:13  Marine  
  138  16:15  Marine x2  
  138  16:17  Ghost, Medivac  
  149  16:18  Marauder  
  149  16:24  Marauder  
  151  16:31  Marine  
  150  16:33  SCV x2, Marine x2  
  150  16:36  SCV  
  150  16:39  Planetary Fortress, Marine  
  155  16:42  Personal Cloaking  
  155  16:43  Missile Turret  
  155  16:44  Viking  
  155  16:45  Medivac  
  155  16:46  Ghost, Marauder  
  164  16:47  Viking  
  164  16:49  Marine, Missile Turret  
  164  16:51  Marine x2  
  169  16:57  Marauder  
  171  17:03  Command Center  
  171  17:07  Marine, Marauder  
  174  17:09  Marine x2  
  174  17:14  Viking  
  174  17:15  Ghost, Medivac  
  183  17:17  Viking  
  183  17:19  Marauder  
  183  17:22  SCV  
  187  17:25  Marine  
  187  17:27  Marine  
  187  17:28  Marine  
  187  17:29  Marauder  
  192  17:39  Ghost  
  192  17:42  Marine  
  198  17:44  Marauder  
  200  17:53  Missile Turret  
  200  17:56  Fusion Core  
Tags
 
League
Silver
Matchup
TvT
Race
Terran
Replay Pack
December
Spawn Locations
Cross Positions
Add a new tag
Caveats
  • Supply blocks, unpowered buildings, or Contaminate may cause inaccurate times.
  • Supply counts are checked every 10 seconds.